MLB
CLEVELAND GUARDIANS @ MINNESOTA TWINS
10/14/2098
 
TOP OF THE 1ST
Cleveland Guardians batting - Pitching for Minnesota Twins : RHP Orlando Basurto
Pitching: RHP Orlando Basurto
Batting: LHB Mel Soto 0-0: Called Strike
0-1: Ball
1-1: Ground out 2-3 (Groundball, 2L, EV 65.6 MPH)
Batting: LHB Matt Cleary 0-0: Fly out, F3 (Popup, 3F, EV 72.5 MPH)
Batting: LHB Jonathan Setzler 0-0: Called Strike
0-1: Ball
1-1: Foul Ball, location: 9LSF
1-2: Ball
2-2: Strikes out looking
Top of the 1st over - 0 runs, 0 hits, 0 errors, 0 left on base; Cleveland 0 - Minnesota 0
BOTTOM OF THE 1ST
Minnesota Twins batting - Pitching for Cleveland Guardians : LHP Danny Sanchez
Pitching: LHP Danny Sanchez
Batting: RHB Rogelio Rivera 0-0: Called Strike
0-1: Ball
1-1: Foul Ball, location: 3SF
1-2: Ball
2-2: DOUBLE (Line Drive, 3D, EV 104.4 MPH)
Batting: SHB Jim Whitlock 0-0: Ball
1-0: Called Strike
1-1: Foul Ball, location: 7LDF
1-2: Ball
2-2: Foul Ball, location: 3SF
2-2: Foul Ball, location: 2F
2-2: Strikes out swinging
Batting: SHB William Maki 0-0: Ball
1-0: Ball
2-0: Called Strike
2-1: Ball
3-1: Foul Ball, location: 2F
3-2: SINGLE (Groundball, 6MD, EV 108.8 MPH)
Rogelio Rivera to third
Runner from 3rd tries for Home, throw by CF and OUT! 8-2
William Maki to second
Batting: RHB Bill Widby 0-0: Ball
1-0: Ball
2-0: Called Strike
2-1: SINGLE (Flyball, 9S, EV 82.5 MPH)
William Maki to third
Runner from 3rd tries for Home, SAFE, throw by RF to home
Batting: RHB Joe Looby 0-0: Called Strike
0-1: Ball
1-1: Ball
2-1: Foul Ball, location: 2F
2-2: Strikes out swinging
Bottom of the 1st over - 1 run, 3 hits, 0 errors, 1 left on base; Cleveland 0 - Minnesota 1
TOP OF THE 2ND
Cleveland Guardians batting - Pitching for Minnesota Twins : RHP Orlando Basurto
Batting: RHB Barry Nicholson 0-0: Foul Ball, location: 2F
0-1: Foul Ball, location: 9LDF
0-2: SINGLE (Groundball, 34D, EV 103.8 MPH)
Batting: LHB Dallas Ostrove 0-0: Foul Ball, location: 5SF
0-1: Ball
1-1: Fly out, F8 (Flyball, 8LD, EV 83.1 MPH)
Batting: SHB Jose Agramonte 0-0: Called Strike
0-1: Fielders Choice at 2nd, 1-6 (Groundball, 34S, EV 72.5 MPH)
Batting: RHB Jimmy Murphey 0-0: Called Strike
0-1: Ball
1-1: Fly out, F8 (Flyball, 8RD, EV 90.6 MPH)
Top of the 2nd over - 0 runs, 1 hit, 0 errors, 1 left on base; Cleveland 0 - Minnesota 1
BOTTOM OF THE 2ND
Minnesota Twins batting - Pitching for Cleveland Guardians : LHP Danny Sanchez
Batting: LHB Emilio Gonzales 0-0: Ball
1-0: Called Strike
1-1: Ball
2-1: Called Strike
2-2: Strikes out swinging
Batting: RHB Greg Schuler 0-0: Ground out 6-3 (Groundball, 6, EV 81.9 MPH)
Batting: SHB Nick White 0-0: Called Strike
0-1: Swinging Strike
0-2: Strikes out swinging
Bottom of the 2nd over - 0 runs, 0 hits, 0 errors, 0 left on base; Cleveland 0 - Minnesota 1
TOP OF THE 3RD
Cleveland Guardians batting - Pitching for Minnesota Twins : RHP Orlando Basurto
Batting: RHB Chris Downs 0-0: Called Strike
0-1: Ball
1-1: Ball
2-1: Foul Ball, location: 2F
2-2: Foul Ball, location: 25F
2-2: Ball
3-2: TRIPLE (Flyball, 89XD, EV 101.3 MPH)
Batting: RHB Chris Goacher 0-0: Called Strike
0-1: Ball
1-1: Ball
2-1: Ball
3-1: Base on Balls
Pitching: LHP Jeff Downing
Pinch Hitting: RHB Dave Encarnacion 0-0: Ground out 4-3 (Groundball, 34, EV 102.5 MPH)
Chris Goacher to second
Batting: LHB Matt Cleary 0-0: Foul Ball, location: 3F
0-1: Ball
1-1: Ball
2-1: Foul Ball, location: 7LSF
2-2: Ball
3-2: Fly out, F2 (Popup, 2L, EV 96.3 MPH)
Batting: LHB Jonathan Setzler 0-0: Ground out 3-1 (Groundball, 34, EV 100.6 MPH)
Top of the 3rd over - 0 runs, 1 hit, 0 errors, 2 left on base; Cleveland 0 - Minnesota 1
BOTTOM OF THE 3RD
Minnesota Twins batting - Pitching for Cleveland Guardians : LHP Danny Sanchez
Now in RF: Dave Encarnacion
Batting: RHB Adam Ramsey 0-0: Ball
1-0: Fly out, F7 (Line Drive, 7, EV 91.9 MPH)
Batting: RHB Rogelio Rivera 0-0: Ball
1-0: Ball
2-0: Called Strike
2-1: Reached on error, E1 (Groundball, 15S, EV 70.6 MPH)
Batting: SHB Jim Whitlock 0-0: Called Strike
0-1: Ball
1-1: Foul Ball, location: 2F
1-2: Strikes out swinging
Batting: SHB William Maki 0-0: Called Strike
0-1: Ball
Rogelio Rivera steals 2nd base (no throw)
1-1: Ball
2-1: Foul Ball, location: 3F
2-2: Strikes out swinging
Bottom of the 3rd over - 0 runs, 0 hits, 1 error, 1 left on base; Cleveland 0 - Minnesota 1
TOP OF THE 4TH
Cleveland Guardians batting - Pitching for Minnesota Twins : LHP Jeff Downing
Batting: RHB Barry Nicholson 0-0: Foul Ball, location: 3F
0-1: Foul Ball, location: 5F
0-2: Ball
1-2: Ball
2-2: Ball
3-2: Foul Ball, location: 3DF
3-2: Base on Balls
Pitching: RHP Mario Prado
Batting: LHB Dallas Ostrove 0-0: Swinging Strike
0-1: Swinging Strike
0-2: Ball
1-2: Ball
2-2: Foul Ball, location: 3FF
2-2: Strikes out swinging
Batting: SHB Jose Agramonte 0-0: Ball
1-0: Foul Ball, location: 7LSF
1-1: Ball
2-1: Foul Ball, location: 7LMF
2-2: Ball
3-2: Fly out, F9 (Flyball, 9, EV 88.1 MPH)
Batting: RHB Jimmy Murphey 0-0: Called Strike
0-1: Foul Ball, location: 2F
0-2: Strikes out swinging
Top of the 4th over - 0 runs, 0 hits, 0 errors, 1 left on base; Cleveland 0 - Minnesota 1
BOTTOM OF THE 4TH
Minnesota Twins batting - Pitching for Cleveland Guardians : LHP Danny Sanchez
Batting: RHB Bill Widby 0-0: Called Strike
0-1: Ball
1-1: Ball
2-1: Called Strike
2-2: Foul Ball, location: 2F
2-2: Fly out, F9 (Flyball, 9S, EV 79.4 MPH)
Batting: RHB Joe Looby 0-0: Fly out, F8 (Flyball, 89M, EV 83.1 MPH)
Batting: LHB Emilio Gonzales 0-0: Ball
1-0: Ground out U3 (Groundball, 3, EV 85.6 MPH)
Bottom of the 4th over - 0 runs, 0 hits, 0 errors, 0 left on base; Cleveland 0 - Minnesota 1
TOP OF THE 5TH
Cleveland Guardians batting - Pitching for Minnesota Twins : RHP Mario Prado
Batting: RHB Chris Downs 0-0: Ball
1-0: Called Strike
1-1: Ball
2-1: Ball
3-1: Foul Ball, location: 25FF
3-2: Base on Balls
Pitching: RHP Jeff Olguin
Pinch Hitting: LHB Victor Zavala 0-0: Ball
1-0: Swinging Strike
1-1: Called Strike
1-2: Reached on error, E5 (Groundball, 5L, EV 83.1 MPH)
Chris Downs to second
Batting: RHB Dave Encarnacion 0-0: Ball
1-0: Ball
2-0: Ball
3-0: Called Strike
3-1: Called Strike
3-2: Hit by Pitch
Chris Downs to third
Victor Zavala to second
Batting: LHB Matt Cleary 0-0: Swinging Strike
0-1: Fly out, F7 (Flyball, 78S, EV 98.1 MPH)
Batting: LHB Jonathan Setzler 0-0: Called Strike
0-1: Ball
1-1: Ball
2-1: Called Strike
2-2: Foul Ball, location: 2RF
2-2: Ball
3-2: Foul Ball, location: 7LSF
3-2: Base on Balls
Chris Downs scores
Victor Zavala to third
Dave Encarnacion to second
Pitching: RHP Paul King
Batting: RHB Barry Nicholson 0-0: Ball
1-0: Ball
2-0: Called Strike
2-1: Grounds into double play, 6-4-3 (Groundball, 6, EV 100.6 MPH)
Top of the 5th over - 1 run, 0 hits, 1 error, 2 left on base; Cleveland 1 - Minnesota 1
BOTTOM OF THE 5TH
Minnesota Twins batting - Pitching for Cleveland Guardians : LHP Danny Sanchez
Now at 2B: Ciro Visconti
Batting: RHB Greg Schuler 0-0: Fly out, F8 (Line Drive, 8LM, EV 105.6 MPH)
Batting: SHB Nick White 0-0: Called Strike
0-1: Ball
1-1: Fly out, F8 (Flyball, 8RM, EV 95.6 MPH)
Batting: RHB Adam Ramsey 0-0: Ground out 1-3 (Groundball, 15S, EV 66.9 MPH)
Bottom of the 5th over - 0 runs, 0 hits, 0 errors, 0 left on base; Cleveland 1 - Minnesota 1
TOP OF THE 6TH
Cleveland Guardians batting - Pitching for Minnesota Twins : RHP Paul King
Batting: LHB Dallas Ostrove 0-0: Called Strike
0-1: Ball
1-1: Foul Ball, location: 5F
1-2: Ball
2-2: Foul Ball, location: 3SF
2-2: Strikes out looking
Batting: SHB Jose Agramonte 0-0: Ball
1-0: Foul Ball, location: 3F
1-1: Ground out 3-1 (Groundball, 34, EV 85.6 MPH)
Batting: RHB Jimmy Murphey 0-0: Ball
1-0: Fly out, F7 (Flyball, 7LMF, EV 97.5 MPH)
Top of the 6th over - 0 runs, 0 hits, 0 errors, 0 left on base; Cleveland 1 - Minnesota 1
BOTTOM OF THE 6TH
Minnesota Twins batting - Pitching for Cleveland Guardians : LHP Danny Sanchez
Batting: RHB Rogelio Rivera 0-0: Swinging Strike
0-1: Foul Ball, location: 9LMF
0-2: SINGLE (Line Drive, 5L, EV 93.8 MPH)
Batting: SHB Jim Whitlock 0-0: Sac Bunt to 5S - play at first, batter OUT! 5-3
Rogelio Rivera to second
Batting: SHB William Maki 0-0: Called Strike
0-1: Ball
1-1: Ball
2-1: Foul Ball, location: 23F
2-2: Strikes out swinging
Batting: RHB Bill Widby 0-0: Intentional Walk
Batting: RHB Joe Looby 0-0: Ball
1-0: Ball
2-0: Swinging Strike
2-1: Ball
3-1: Swinging Strike
3-2: Strikes out looking
Bottom of the 6th over - 0 runs, 1 hit, 0 errors, 2 left on base; Cleveland 1 - Minnesota 1
TOP OF THE 7TH
Cleveland Guardians batting - Pitching for Minnesota Twins : RHP Paul King
Pitching: RHP Jaden Moore
Batting: RHB Chris Downs 0-0: Foul Ball, location: 3SF
0-1: Foul Ball, location: 3FF
0-2: SINGLE (Groundball, 56S, EV 62.5 MPH) (infield hit)
Pinch Hitting: LHB Donny Liebler 0-0: Fielders Choice at 2nd, 4-6 (Groundball, 4MD, EV 95.6 MPH)
Batting: RHB Dave Encarnacion 0-0: Ball
1-0: Grounds into double play, 6-4-3 (Groundball, 6, EV 103.1 MPH)
Top of the 7th over - 0 runs, 1 hit, 0 errors, 0 left on base; Cleveland 1 - Minnesota 1
BOTTOM OF THE 7TH
Minnesota Twins batting - Pitching for Cleveland Guardians : LHP Danny Sanchez
Now at 2B: Chris Downs
Now at SS: Mike Maddy
Batting: LHB Emilio Gonzales 0-0: Ball
1-0: Called Strike
1-1: Foul Ball, location: 9LSF
1-2: Foul Ball, location: 5F
1-2: Strikes out swinging
Batting: RHB Greg Schuler 0-0: Ball
1-0: Called Strike
1-1: Ball
2-1: Ball
3-1: Base on Balls
Batting: SHB Nick White 0-0: Ball
1-0: Foul Ball, location: 2F
1-1: Foul Ball, location: 25F
1-2: Strikes out swinging
Batting: RHB Adam Ramsey 0-0: Foul Ball, location: 9LDF
0-1: Ball
1-1: Ball
2-1: SINGLE (Groundball, 6MD, EV 103.1 MPH)
Greg Schuler to second
Batting: RHB Rogelio Rivera 0-0: Swinging Strike
0-1: Ball
1-1: Foul Ball, location: 9LMF
1-2: Ground out 4-3 (Groundball, 4MS, EV 88.8 MPH)
Bottom of the 7th over - 0 runs, 1 hit, 0 errors, 2 left on base; Cleveland 1 - Minnesota 1
TOP OF THE 8TH
Cleveland Guardians batting - Pitching for Minnesota Twins : RHP Jaden Moore
Pitching: LHP Nick Frye
Batting: LHB Matt Cleary 0-0: Called Strike
0-1: Ball
1-1: Ball
2-1: Swinging Strike
2-2: Ball
3-2: Foul Ball, location: 2F
3-2: Fly out, F9 (Flyball, 89M, EV 81.3 MPH)
Batting: LHB Jonathan Setzler 0-0: Foul Ball, location: 3F
0-1: Foul Ball, location: 2RF
0-2: Foul Ball, location: 2F
0-2: Ground out 4-3 (Groundball, 4MD, EV 86.9 MPH)
Batting: RHB Barry Nicholson 0-0: Ball
1-0: Ball
2-0: Ball
3-0: Base on Balls
Pitching: LHP Jon Meger
Batting: LHB Dallas Ostrove 0-0: Swinging Strike
0-1: Ball
1-1: Called Strike
1-2: Fly out, F7 (Flyball, 7, EV 85.6 MPH)
Top of the 8th over - 0 runs, 0 hits, 0 errors, 1 left on base; Cleveland 1 - Minnesota 1
BOTTOM OF THE 8TH
Minnesota Twins batting - Pitching for Cleveland Guardians : LHP Danny Sanchez
Pitching: LHP Juan Ramirez
Batting: SHB Jim Whitlock 0-0: Ball
1-0: Called Strike
1-1: Ball
2-1: Called Strike
2-2: Strikes out swinging
Batting: SHB William Maki 0-0: Ball
1-0: Foul Ball, location: 2F
1-1: Foul Ball, location: 5F
1-2: Foul Ball, location: 23F
1-2: Fly out, F2 (Popup, 3SF, EV 82.5 MPH)
Batting: RHB Bill Widby 0-0: Ball
1-0: Foul Ball, location: 2F
1-1: Ball
2-1: SINGLE (Line Drive, 89S, EV 85.6 MPH)
Batting: RHB Joe Looby 0-0: Called Strike
0-1: Foul Ball, location: 2F
0-2: 2-RUN HOME RUN (Flyball, 7D, EV 99.4 MPH), Distance : 373 ft
Batting: LHB Emilio Gonzales 0-0: Ball
1-0: Ball
2-0: Foul Ball, location: 5DF
2-1: Ball
3-1: Base on Balls
Batting: RHB Greg Schuler 0-0: Ball
1-0: Ball
2-0: Ball
3-0: DOUBLE (Flyball, 8RXD, EV 106.3 MPH)
Emilio Gonzales to third
Batting: SHB Nick White 0-0: Fly out, F8 (Flyball, 8LD, EV 105.6 MPH)
Bottom of the 8th over - 2 runs, 3 hits, 0 errors, 2 left on base; Cleveland 1 - Minnesota 3
TOP OF THE 9TH
Cleveland Guardians batting - Pitching for Minnesota Twins : LHP Jon Meger
Batting: SHB Jose Agramonte 0-0: Ball
1-0: Swinging Strike
1-1: Foul Ball, location: 5FF
1-2: Ball
2-2: Strikes out swinging
Batting: RHB Jimmy Murphey 0-0: Ball
1-0: Ball
2-0: Swinging Strike
2-1: Foul Ball, location: 9LSF
2-2: Foul Ball, location: 9LSF
2-2: Strikes out looking
Batting: RHB Chris Downs 0-0: Foul Ball, location: 3SF
0-1: Ball
1-1: Ball
2-1: Fly out, F8 (Flyball, 8LM, EV 89.4 MPH)
Top of the 9th over - 0 runs, 0 hits, 0 errors, 0 left on base; Cleveland 1 - Minnesota 3
Wednesday, April 17th , 2024 - OOTP Baseball 24.11 Build 85